 Dungeon Crawl Stone Soup version 0.29.1-4-g47bece8355 (console) character file.

Game seed: 3677424464193418882

14 greenbourne the Shooter (level 2, -2/17 HPs)
             Began as a Gargoyle Hunter on Dec 9, 2022.
             Splashed by a jelly's acid (8 damage)
             ... on level 2 of the Dungeon.
             The game lasted 00:10:35 (764 turns).

greenbourne the Shooter (Gargoyle Hunter)            Turns: 764, Time: 00:10:35

Health: -2/17      AC:  0    Str: 14    XL:     2   Next: 41%
Magic:  2/2        EV: 10    Int:  9    God:
Gold:   58         SH:  0    Dex: 13    Spells: 1/1 levels left

rFire   . . .      SeeInvis .   a - +0 shortbow
rCold   . . .      Faith    .   (shield currently unavailable)
rNeg    + . .      Spirit   .   e - +0 ring mail
rPois   ∞          Reflect  .   (no helmet)
rElec   +          Harm     .   (no cloak)
rCorr   .          Rampage  .   (no gloves)
Will    .....                   (no boots)
Stlth   +.........              (no amulet)
HPRegen 0.05/turn               (no ring)
MPRegen 0.08/turn               (no ring)

@: corroded
A: sickness immunity, AC +2, negative energy resistance 1, electricity
resistance, torment resistance 1, petrification resistance
a: no special abilities


You were on level 2 of the Dungeon.
You visited 1 branch of the dungeon, and saw 2 of its levels.

You collected 58 gold pieces.

Inventory:

Hand Weapons
 a - a +0 shortbow (weapon)
 b - a +0 whip
Armour
 c - a +0 leather armour
 e - a +0 ring mail (worn)
Scrolls
 d - a scroll of enchant armour {unknown}
 f - 4 scrolls of identify {unknown}
 i - a scroll of teleportation {unknown}
 j - a scroll of magic mapping {unknown}
 l - a scroll of immolation
Potions
 g - a potion of curing {unknown}
 h - a potion of attraction {unknown}
 k - a potion of degeneration {unknown}


   Skills:
 - Level 2.1 Fighting
 + Level 4.6 Ranged Weapons
 - Level 1.5 Dodging
 - Level 1.1 Stealth


You had one spell level left.
You didn't know any spells.
Your spell library contained the following spells:

 Spells                   Type           Power      Damage    Failure   Level
 Ignite Poison            Fire/Tmut/Pois 0%         N/A       94%         3
 Mephitic Cloud           Conj/Pois/Air  0%         N/A       94%         3
 Portal Projectile        Hex/Tloc       0%         N/A       94%         3
 Tukima's Dance           Hex            0%         N/A       94%         3
 Blade Hands              Tmut           0%         N/A       100%        5
 Freezing Cloud           Conj/Ice/Air   0%         6-21      100%        5


Dungeon Overview and Level Annotations

Branches:
Dungeon (2/15)

Altars:

Shops:
D:1 [


Innate Abilities, Weirdness & Mutations

You are immune to sickness and miasma.
Your stone body is resilient. (AC +2)
You are immune to poison.
You resist negative energy. (rN+)
You are resistant to electric shocks. (rElec)
You are resistant to unholy torment.
You are immune to petrification.


Message History

There is an escape hatch in the floor here.
There is an escape hatch in the floor here.
Unknown command.
Unknown command.
There is an escape hatch in the floor here.
There is an entrance to Tatwyoz's Antique Armour Shoppe here.
You can access your shopping list by pressing '$'.
Unknown command.
Okay, then.
You start removing your armour.
You continue taking off your +0 leather armour. x4
You finish taking off your +0 leather armour.
You start putting on your armour.
You continue putting on your +0 ring mail. x5
You finish putting on your +0 ring mail.
There is an escape hatch in the floor here.
You slide downwards.
The hatch slams shut behind you.
A jelly comes into view.
Found a dagger.
Fire: a) +0 shortbow
Press: ? - help, Q - select action Shift-Dir - straight line, f - jelly
Aim: a jelly (asleep, 98% to hit)
You shoot an arrow. The arrow hits the jelly.
The jelly quivers.
The jelly is lightly wounded.
An adder comes into view.
Fire: a) +0 shortbow
Press: ? - help, Q - select action Shift-Dir - straight line, f/p - jelly
Aim: a jelly (lightly wounded, 90% to hit)
You shoot an arrow. The arrow hits the jelly.
The jelly is moderately wounded.
The jelly hits you. The acid corrodes you!
You are splashed with acid!
Ouch! That really hurt!
Fire: a) +0 shortbow
Press: ? - help, Q - select action Shift-Dir - straight line, f/p - jelly
Aim: a jelly (moderately wounded, 90% to hit)
You shoot an arrow. The arrow hits the jelly.
The jelly is heavily wounded.
The jelly barely misses you. The jelly hits you. The acid corrodes you!
You are splashed with acid!
You die...

... ####.########
P..#.#.......#
...#.#.....P.#..#).
P..#.#.......#..#.#
####.#####..P#..#.#
.........#.P.#..#.##
.........#..P#..#..
.........#..P#..#.#
...###...#####..#.##.#.#
...#.#..........@S......
...###...#####..#J##.###
.........#...####...
.........#.P.# .###
.........#..P# .#
##########...# ..
.P..PP....P..# ..
...###PbP....# ..


You could see a jelly and an adder.

Vanquished Creatures
  3 ball pythons (D:1)
  An endoplasm (D:1)
  A giant cockroach (D:1)
  3 hobgoblins (D:1)
  A quokka (D:1)
  A frilled lizard (D:1)
  A kobold (D:1)
  2 rats (D:1)
13 creatures vanquished.

Notes
Turn   | Place    | Note
-------+----------+-------------------------------------------
     0 | D:1      | greenbourne the Gargoyle Hunter began the quest for the
                  | Orb.
     0 | D:1      | Reached XP level 1. HP: 12/12 MP: 1/1
   213 | D:1      | Reached XP level 2. HP: 17/17 MP: 2/2
   242 | D:1      | Found Tatwyoz's Antique Armour Shoppe.
   367 | D:1      | Found a faded altar of an unknown god.
   764 | D:2      | Splashed by a jelly's acid

Illustrated notes

Levels and vault maps discovered:
D:1:      tarquinn_simple_flora_water_b, layout_basic,
          chequers_ecumenical_altar_island, serial_shops, shop
D:2:      layout_basic, serial_aquarium, aquarium_bridge_island_large
          [aquarium_subvault_large_1_pool, aquarium_subvault_bridge,
          aquarium_subvault_bridge, aquarium_subvault_bridge,
          aquarium_subvault_balcony], aquarium_bridge_straight
          [aquarium_subvault_bridge, aquarium_subvault_wall,
          aquarium_subvault_bridge, aquarium_subvault_wall],
          aquarium_window_fake, aquarium_window_corridor_3, aquarium_view_2c,
          aquarium_pool_side, minmay_diced_spiral

Action                   || total
-------------------------++-------
Melee: Whip              ||     7
 Fire: Shortbow          ||    39
Armor: Leather armour    ||    11
Dodge: Dodged            ||     7
